 Dungeon Crawl Stone Soup version 0.28-a0-1074-g3cb2360906 (webtiles) character file.

Game seed: 18194156736051772895

418 Peloso the Shield-Bearer (level 6, 0/53 HPs)
             Began as a Minotaur Fighter on Dec 9, 2021.
             Was an Initiate of Okawaru.
             Succumbed to Dowan's poison
             ... on level 5 of the Dungeon.
             The game lasted 00:05:06 (4875 turns).

Peloso the Shield-Bearer (Minotaur Fighter)         Turns: 4875, Time: 00:05:07

Health: 0/53       AC:  9    Str: 21    XL:     6   Next: 61%
Magic:  5/5        EV:  4    Int:  5    God:    Okawaru [......]
Gold:   159        SH: 13    Dex: 11    Spells: 5/5 levels left

rFire   . . .      SeeInvis .   a - +0 long sword
rCold   + . .      Faith    .   c - +0 tower shield
rNeg    . . .      Spirit   .   s - +0 chain mail
rPois   .          Reflect  .   (helmet restricted)
rElec   .          Harm     .   (no cloak)
rCorr   .          Rampage  .   (no gloves)
Will    .....                   (no boots)
Stlth   ..........              (no amulet)
HPRegen 0.17/turn               h - ring of protection from cold
MPRegen 0.09/turn               (no ring)

@: lethally poisoned (0 -> -23)
A: horns 2, retaliatory headbutt
a: Renounce Religion


You were on level 5 of the Dungeon.
You worshipped Okawaru.
Okawaru was noncommittal.
You visited 2 branches of the dungeon, and saw 6 of its levels.

You collected 159 gold pieces.

Inventory:

Hand Weapons
 a - a +0 long sword (weapon)
Missiles
 u - 2 throwing nets (quivered)
Armour
 b - a +0 scale mail
 c - a +0 tower shield (worn)
 s - a +0 chain mail (worn)
Jewellery
 h - a ring of protection from cold (left hand)
 q - a +6 ring of strength
Wands
 v - a wand of flame (14)
Scrolls
 f - 2 scrolls of immolation {unknown}
 g - a scroll of summoning {unknown}
 i - a scroll of acquirement {unknown}
 j - 3 scrolls of amnesia {unknown}
 k - 2 scrolls of teleportation {unknown}
 l - 2 scrolls of noise {unknown}
 n - a scroll of fog {unknown}
 o - a scroll of vulnerability {unknown}
 p - 3 scrolls of identify {unknown}
Potions
 d - a potion of might
 e - a potion of curing
 m - a potion of haste {unknown}
 r - a potion of heal wounds {unknown}
 t - a potion of degeneration {unknown}


   Skills:
 + Level 4.6 Fighting
 + Level 5.0 Long Blades
 + Level 5.1 Armour
 + Level 1.1 Dodging
 + Level 1.1 Stealth
 + Level 5.8 Shields
 + Level 0.1 Evocations


You had 5 spell levels left.
You didn't know any spells.
Your spell library contained the following spells:

 Spells                   Type           Power      Damage    Failure   Level
 Apportation              Tloc           0%         N/A       100%        1
 Alistair's Intoxication  Tmut/Pois      0%         N/A       100%        5


Dungeon Overview and Level Annotations

Branches:
Dungeon (5/15)             Temple (1/1) D:4

Altars:
Ashenzari
Cheibriados
Dithmenos
Fedhas
Gozag
Hepliaklqana
Kikubaaqudgha
Makhleb
Nemelex Xobeh
Okawaru
Qazlal
Sif Muna
Trog
Uskayaw
Wu Jian
Xom
Yredelemnul
Zin
The Shining One

Annotations:
D:5 Dowan


Innate Abilities, Weirdness & Mutations

You have a pair of horns on your head.
You reflexively headbutt those who attack you in melee.


Message History

You hit Dowan but do no damage. Your headbutt misses Dowan.
Dowan is moderately wounded.
Dowan hits you with a +2 dagger of venom.
You are poisoned.
Dowan hits you but does no damage.
You are more poisoned.
You block Dowan's attack.
You hit Dowan.
Dowan is moderately wounded.
You feel extremely sick.
Dowan gestures wildly while chanting.
Dowan blinks!
Unknown command.
You feel very sick.
You feel very sick.
Dowan points at you and mumbles some strange words.
The stone arrow hits you.
You hit Dowan but do no damage.
Dowan is moderately wounded.
You feel very sick. Dowan barely misses you. You furiously retaliate!
You headbutt Dowan! You block Dowan's attack.
You miss Dowan. Your headbutt misses Dowan.
Dowan is severely wounded.
You feel very sick. You block Dowan's attack.
Dowan hits you with a +2 dagger of venom.
* * * LOW HITPOINT WARNING * * *
You are lethally poisoned!
You block Dowan's attack.
You closely miss Dowan. Your headbutt misses Dowan.
Dowan is severely wounded.
* * * LOW HITPOINT WARNING * * *
You feel extremely sick. Dowan barely misses you.
Dowan hits you but does no damage.
You are more poisoned.
Unknown command.
You barely miss Dowan. Your headbutt misses Dowan.
Dowan is severely wounded.
You die...

..... ....
###..#.##.......≈≈≈
##....?..........≈≈≈
##.....#..........≈≈≈
#>...###..........≈≈≈
####...###...........≈≈≈
#....................8≈≈
#..[<...................
.##............e@.......
#.....................
>..........#.........♣.♣
...##......#............
..##....####............
.##...(.. .......###....
# .............##.. ....
.........##.. .. ...


You could see Dowan (fast).

Vanquished Creatures
  Duvessa (D:5)
  A scorpion (D:4)
  A water moccasin skeleton (D:4)
  Terence (D:3)
  7 gnolls
  5 adders
  A worm (D:2)
  3 dart slugs
  An orc (D:4)
  5 endoplasms
  2 giant cockroaches
  3 goblins (D:1)
  7 hobgoblins
  7 jackals
  A quokka (D:1)
  6 ball pythons
  2 bats
  6 frilled lizards
  5 kobolds (D:1)
  8 rats
73 creatures vanquished.

Notes
Turn   | Place    | Note
-------+----------+-------------------------------------------
     0 | D:1      | Peloso the Minotaur Fighter began the quest for the Orb.
     0 | D:1      | Reached XP level 1. HP: 19/19 MP: 0/0
    46 | D:1      | Reached XP level 2. HP: 24/27 MP: 1/1
   145 | D:1      | Found a faded altar of an unknown god.
   692 | D:1      | Reached XP level 3. HP: 33/33 MP: 2/2
  1342 | D:2      | Reached XP level 4. HP: 39/40 MP: 3/3
  1952 | D:3      | Noticed Terence
  1967 | D:3      | Killed Terence
  3073 | D:4      | Reached XP level 5. HP: 42/46 MP: 4/4
  3093 | D:4      | Found a staircase to the Ecumenical Temple.
  3103 | Temple   | Entered the Ecumenical Temple
  3385 | Temple   | Became a worshipper of Warmaster Okawaru
  3507 | D:4      | Reached skill level 1 in Stealth
  4061 | D:4      | Reached skill level 1 in Dodging
  4061 | D:4      | Reached skill level 5 in Shields
  4115 | D:4      | Reached skill level 5 in Armour
  4115 | D:4      | Reached XP level 6. HP: 53/53 MP: 5/5
  4496 | D:5      | Entered Level 5 of the Dungeon
  4496 | D:5      | Noticed Duvessa
  4496 | D:5      | Noticed Dowan
  4543 | D:5      | Killed Duvessa
  4544 | D:5      | Reached skill level 5 in Long Blades
  4875 | D:5      | Succumbed to Dowan's poison

Illustrated notes

Levels and vault maps discovered:
D:1:      lightli_arrival_windingriver, layout_basic,
          ebering_ecumenical_altar_petrified, palyth_stone_intersect
D:2:      layout_basic, amethyst_killhole, minivault_25, hex_tiny
D:3:      layout_basic, uniq_terence
D:4:      layout_cave_pools, minmay_temple_entry_mist
D:5:      layout_cave_pools, serial_park, serial_park_avenue1,
          serial_park_fountain, serial_park_tiny_1, serial_park_tiny_1,
          uniq_eustachio, uniq_duvessa
Temple:   mainiacjoe_temple_starburst

Skill      XL: |  1  2  3  4  5  6 |
---------------+-------------------+-----
Shields        | 4 5 |  5.8
Armour         | 4 5 |  5.1
Long Blades    | 3 4 5 |  5.0
Fighting       | 4 |  4.6
Stealth        | 1 |  1.1
Dodging        | 1 |  1.1
Evocations     | |  0.1

Action                   |  1- 3 |  4- 6 || total
-------------------------+-------+-------++-------
Melee: Long sword        |    77 |   145 ||   222
       Headbutt          |    11 |    16 ||    27
Evoke: Wand              |       |     2 ||     2
  Use: Potion            |       |     1 ||     1
Armor: Scale mail        |    46 |    10 ||    56
       Chain mail        |       |    74 ||    74
Dodge: Dodged            |    30 |    19 ||    49
Block: Buckler           |    16 |       ||    16
       Tower shield      |     2 |   162 ||   164

Table legend: (Time is in decaauts)
 A = Elapsed time spent in this place.
 B = Non-inter-level travel time spent in this place.
 C = Inter-level travel time spent in this place.
 D = Time resting spent in this place.
 E = Time spent auto-exploring this place.
 F = Levels seen in this place.
 G = Mean time per level.
                   A        B        C        D        E       F      G
               +--------+--------+--------+--------+--------+-----+--------+
         Total |   4993 |   4874 |    119 |    748 |   3293 |   6 |  832.2 |
       Dungeon |   4650 |   4577 |     73 |    748 |   3020 |   5 |  930.0 |
        Temple |    343 |    297 |     46 |      0 |    273 |   1 |  343.0 |
               +--------+--------+--------+--------+--------+-----+--------+

Top non-repeatable levels by time:
     D:3: 1528 daAuts
     D:4: 1258 daAuts
     D:2: 982 daAuts
     D:1: 805 daAuts
  Temple: 343 daAuts
     D:5: 75 daAuts
